Ice Hogs vs Falcons

Created - Wednesday, October 21, 2015 at 01:33

Goals
1 2 3 OT1 SO T
Ice Hogs 0 2 0 0 1 3
Falcons 0 1 1 0 0 2
Shots
1 2 3 OT1 SO T
Ice Hogs 8 11 7 2 3 28
Falcons 10 6 1 2 3 19

1st period

No Goal

Penalties :
Jean-Philippe Cote (RIH) for Roughing (Minor) at 14:30

2nd period

1. Ice Hogs , Seth Griffith 5 (Matt Fraser, Tim Schaller) at 0:06
2. Falcons , Jacob De La Rose 2 (Tobias Rieder, Michael Kostka) at 0:44
3. Ice Hogs , Seth Griffith 6 (Anton Volchenkov) at 15:30 (PP)

Penalties :
Greg Rallo (SPR) for Hooking (Minor) at 1:25, Anton Volchenkov (RIH) for Goalie Interference (Minor) at 5:29, Colton Parayko (SPR) for Tripping (Minor) at 8:56, Duncan Siemens (SPR) for Interference (Minor) at 13:45, Drayson Bowman (SPR) for Hooking (Minor) at 0:00

3rd period

4. Falcons , Joey Hishon 3 (Emile Poirier) at 11:22

Penalties :
Drayson Bowman (SPR) for Hooking (Minor) at 2:57, Derek Hulak (RIH) for Hooking (Minor) at 8:51, Colton Parayko (SPR) for Fighting (Major) at 11:08, Viktor Svedberg (RIH) for Fighting (Major) at 11:08, Anton Volchenkov (RIH) for Holding (Minor) at 11:54, Jean-Philippe Cote (RIH) for Roughing (Minor) at 16:44

Overtime #1

No Goal

Penalties :
No Penalty

Shootout

Penalty Shot by Travis Morin for Ice Hogs - Stopped by Christopher Gibson
Penalty Shot by Tobias Rieder for Falcons - Shot Misses the Net
Penalty Shot by Colin McDonald for Ice Hogs - Stopped by Christopher Gibson
Penalty Shot by Markus Granlund for Falcons - Stopped by Yann Danis
Penalty Shot by Oscar Lindberg for Ice Hogs - Goal!
Penalty Shot by Jacob De La Rose for Falcons - Shot Misses the Net

Penalties :
No Penalty

Goalie Stats

Yann Danis (RIH), 17 saves from 19 shots - (0.895), W, 4-3-0, 65:00 minutes
Christopher Gibson (SPR), 26 saves from 28 shots - (0.929), OTL, 2-1-1, 65:00 minutes

Players Stats for Ice Hogs

Player Name              G  A  P  +/- PIM S  H  SB GA TA FO     MP     PP MP  PK MP  
------------------------------------------------------------------------------------
Alexey Marchenko         0  0  0   0  0   6  1  0  1  1  0/0    24:28   4:23   7:37 
Anton Volchenkov         0  1  1  -1  4   1  0  3  3  1  0/0    23:24   5:19   3:00 
Colin McDonald           0  0  0  -1  0   3  4  1  5  1  0/0    15:04   4:44   0:00 
Derek Hulak              0  0  0  -1  2   1  2  0  4  0  0/0    11:24   0:00   0:00 
Frank Corrado            0  0  0  -1  0   0  1  1  1  1  0/0    21:06   5:19   4:00 
Jean-Philippe Cote       0  0  0   0  4   2  4  0  0  0  0/0    23:58   4:23   3:43 
Mathieu Brodeur          0  0  0   0  0   0  1  0  1  0  0/0    19:25   0:00   0:00 
Matt Fraser              0  1  1   1  0   1  1  0  1  1  1/1    13:02   4:58   0:00 
Oscar Lindberg           0  0  0   0  0   0  2  0  4  1  4/10   19:20   0:00   5:21 
Petr Straka              0  0  0   0  0   1  1  0  0  0  1/1    13:59   0:00   0:00 
Ryan Haggerty            0  0  0  -1  0   1  2  0  0  0  0/0    11:25   0:00   0:00 
Scott Wilson             0  0  0  -1  0   2  1  0  0  0  0/0    13:17   4:44   0:00 
Seth Griffith            2  0  2   1  0   4  0  1  5  0  2/2    19:11   4:58   4:34 
T.J. Tynan               0  0  0  -1  0   2  0  0  0  0  4/9    11:25   0:00   0:00 
Tim Schaller             0  1  1   1  0   1  2  0  2  0  10/16  19:11   4:58   4:34 
Travis Morin             0  0  0  -1  0   2  3  0  5  3  5/11   20:25   4:44   5:21 
Viktor Svedberg          0  0  0   0  5   1  1  0  0  2  0/0    19:09   0:00   1:30 
Will Acton               0  0  0   0  0   0  1  0  1  1  0/0    10:46   0:00   0:00 

Players Stats for Falcons

Player Name              G  A  P  +/- PIM S  H  SB GA TA FO     MP     PP MP  PK MP  
------------------------------------------------------------------------------------
Brett Bulmer             0  0  0   0  0   0  1  0  2  0  0/0     6:13   0:00   0:00 
Colton Parayko           0  0  0   0  7   1  1  2  0  4  0/0    19:51   3:26   2:56 
Dave Steckel             0  0  0   0  0   1  3  0  0  0  2/2     6:13   0:00   0:00 
Drayson Bowman           0  0  0   0  4   0  3  1  2  0  1/1    15:59   5:17   0:00 
Duncan Siemens           0  0  0   0  2   0  2  0  0  0  0/0    14:20   0:00   1:04 
Emile Poirier            0  1  1   1  0   2  0  0  0  1  0/1    16:58   0:00   1:54 
Eric Tangradi            0  0  0   1  0   2  0  0  1  1  0/2    18:23   1:02   0:00 
Freddie Hamilton         0  0  0   0  0   1  1  0  0  0  0/1    16:42   4:38   2:25 
Greg Rallo               0  0  0   0  2   2  0  0  1  1  1/1    15:48   5:17   0:00 
Jacob De La Rose         1  0  1   0  0   4  3  0  5  0  0/0    18:03   4:38   3:05 
Joey Hishon              1  0  1   1  0   3  0  1  0  1  7/10   17:13   0:20   0:00 
Markus Granlund          0  0  0   0  0   1  6  1  7  2  8/11   23:12   4:52   5:32 
Michael Kostka           0  1  1   1  0   1  4  2  0  3  0/0    24:52   5:28   5:33 
Nathan Beaulieu          0  0  0   1  0   1  4  3  0  2  0/0    28:51   5:28   5:33 
Slater Koekkoek          0  0  0   0  0   0  0  0  0  0  0/0     4:08   0:00   0:09 
Tobias Rieder            0  1  1   0  0   0  1  1  6  3  4/21   25:24   3:41   6:28 
Ville Pokka              0  0  0   0  0   0  1  0  0  0  0/0    22:52   4:27   4:09 
Vincent LoVerde          0  0  0   0  0   0  1  0  0  2  0/0    15:11   1:01   0:00 

3 Stars

1 - Seth Griffith (RIH)
2 - Jacob De La Rose (SPR)
3 - Michael Kostka (SPR)

Power Play

Ice Hogs - 1 on 5 Attempt(s) - 20.00%
Falcons - 0 on 5 Attempt(s) - 0.00%

Penalty Kill

Ice Hogs - 5 on 5 Attempt(s) - 100.00% - Score 0 goal in Penalty Kill
Falcons - 4 on 5 Attempt(s) - 80.00% - Score 0 goal in Penalty Kill

Team Stat

Ice Hogs - Hits : 27 - Faceoff Wins : 27 - Blocked Shots : 6 - Penalty Minutes : 15
Falcons - Hits : 31 - Faceoff Wins : 23 - Blocked Shots : 11 - Penalty Minutes : 15

Official

Referees : Unknown
Linesman : Unknown

Game Notes

Colton Parayko beats up Viktor Svedberg at 11:08 of 3rd period

Finance

Level 1 -- Attendance: 1548 (77.40%) -- Ticket Income $54,180
Level 2 -- Attendance: 718 (71.80%) -- Ticket Income $10,770
Total Attendance: 2266 (75.53%)
Total Ticket Income: $64,950
Other Income: $31,826
Total Income: $96,776

Ice Hogs

5 vs 5 Forward 
   Center                   Left Wing                Right Wing               Time % Phy DF OF 
 1 Tim Schaller             Matt Fraser              Seth Griffith            30     1   2  2  
 2 Travis Morin             Scott Wilson             Colin McDonald           25     1   2  2  
 3 Oscar Lindberg           Will Acton               Petr Straka              25     1   2  2  
 4 T.J. Tynan               Derek Hulak              Ryan Haggerty            20     1   2  2  

5 vs 5 Defense 
   Defense                  Defense                                           Time % Phy DF OF 
 1 Anton Volchenkov         Frank Corrado                                     30     1   2  2  
 2 Alexey Marchenko         Jean-Philippe Cote                                30     1   2  2  
 3 Viktor Svedberg          Mathieu Brodeur                                   30     1   2  2  
 4 Anton Volchenkov         Jean-Philippe Cote                                10     1   2  2  

PowerPlay Forward 
   Center                   Left Wing                Right Wing               Time % Phy DF OF 
 1 Tim Schaller             Matt Fraser              Seth Griffith            50     1   1  3  
 2 Travis Morin             Scott Wilson             Colin McDonald           50     1   1  3  

PowerPlay Defense
   Defense                  Defense                                           Time % Phy DF OF 
 1 Anton Volchenkov         Frank Corrado                                     50     0   2  3  
 2 Alexey Marchenko         Jean-Philippe Cote                                50     0   2  3  

Penalty Kill 4 Players Forward 
   Center                   Wing                     Time % Phy DF OF 
 1 Tim Schaller             Seth Griffith            50     1   3  1  
 2 Travis Morin             Oscar Lindberg           50     1   3  1  

Penalty Kill 4 Players Defense
   Defense                  Defense                  Time % Phy DF OF 
 1 Anton Volchenkov         Frank Corrado            50     1   4  0  
 2 Alexey Marchenko         Jean-Philippe Cote       50     1   4  0  

Penalty Kill - 3 Players Forward 
   Forward                                           Time % Phy DF OF 
 1 Colin McDonald                                    50     1   4  0  
 2 Tim Schaller                                      50     1   4  0  

Penalty Kill - 3 Players Defense
   Defense                  Defense                  Time % Phy DF OF 
 1 Anton Volchenkov         Frank Corrado            50     1   4  0  
 2 Alexey Marchenko         Jean-Philippe Cote       50     1   4  0  

4 vs 4 Forward 
   Center                   Wing                     Time % Phy DF OF 
 1 Oscar Lindberg           Petr Straka              50     1   2  2  
 2 Travis Morin             Colin McDonald           50     1   2  2  

4 vs 4 Defense
   Defense                  Defense                  Time % Phy DF OF 
 1 Viktor Svedberg          Mathieu Brodeur          50     1   2  2  
 2 Alexey Marchenko         Jean-Philippe Cote       50     1   2  2  

Last Minutes Offensive
   Center                   Left Wing                Right Wing               Defense                  Defense                  
   Tim Schaller             Matt Fraser              Colin McDonald           Jean-Philippe Cote       Frank Corrado            

Last Minutes Defensive
   Center                   Left Wing                Right Wing               Defense                  Defense                  
   Travis Morin             Tim Schaller             Seth Griffith            Anton Volchenkov         Jean-Philippe Cote       

Goaltenders
Starting : Yann Danis               
Backup : Ryan Faragher            

Extra Forwards
Normal : Colin McDonald, Oscar Lindberg, Matt Fraser - PP : Colin McDonald, Matt Fraser - PK : Scott Wilson
Extra Defensemen
Normal : Jean-Philippe Cote, Mathieu Brodeur, Anton Volchenkov - PP : Frank Corrado - PK : Jean-Philippe Cote, Anton Volchenkov
Penalty Shots
Travis Morin, Colin McDonald, Oscar Lindberg, Scott Wilson, Derek Hulak

Falcons

5 vs 5 Forward 
   Center                   Left Wing                Right Wing               Time % Phy DF OF 
 1 Tobias Rieder            Jacob De La Rose         Freddie Hamilton         35     1   2  2  
 2 Markus Granlund          Drayson Bowman           Greg Rallo               30     1   2  2  
 3 Joey Hishon              Eric Tangradi            Emile Poirier            22     1   2  2  
 4 Dave Steckel             Brett Bulmer             Tobias Rieder            13     1   2  2  

5 vs 5 Defense 
   Defense                  Defense                                           Time % Phy DF OF 
 1 Nathan Beaulieu          Michael Kostka                                    35     1   2  2  
 2 Colton Parayko           Ville Pokka                                       30     1   2  2  
 3 Vincent LoVerde          Duncan Siemens                                    22     1   2  2  
 4 Slater Koekkoek          Nathan Beaulieu                                   13     1   2  2  

PowerPlay Forward 
   Center                   Left Wing                Right Wing               Time % Phy DF OF 
 1 Tobias Rieder            Jacob De La Rose         Freddie Hamilton         60     1   2  2  
 2 Markus Granlund          Drayson Bowman           Greg Rallo               40     1   2  2  

PowerPlay Defense
   Defense                  Defense                                           Time % Phy DF OF 
 1 Nathan Beaulieu          Michael Kostka                                    60     1   2  2  
 2 Colton Parayko           Ville Pokka                                       40     1   2  2  

Penalty Kill 4 Players Forward 
   Center                   Wing                     Time % Phy DF OF 
 1 Tobias Rieder            Markus Granlund          60     1   2  2  
 2 Jacob De La Rose         Freddie Hamilton         40     1   2  2  

Penalty Kill 4 Players Defense
   Defense                  Defense                  Time % Phy DF OF 
 1 Nathan Beaulieu          Michael Kostka           60     1   2  2  
 2 Colton Parayko           Ville Pokka              40     1   2  2  

Penalty Kill - 3 Players Forward 
   Forward                                           Time % Phy DF OF 
 1 Tobias Rieder                                     60     1   2  2  
 2 Markus Granlund                                   40     1   2  2  

Penalty Kill - 3 Players Defense
   Defense                  Defense                  Time % Phy DF OF 
 1 Nathan Beaulieu          Michael Kostka           60     1   2  2  
 2 Colton Parayko           Ville Pokka              40     1   2  2  

4 vs 4 Forward 
   Center                   Wing                     Time % Phy DF OF 
 1 Tobias Rieder            Markus Granlund          60     1   2  2  
 2 Jacob De La Rose         Freddie Hamilton         40     1   2  2  

4 vs 4 Defense
   Defense                  Defense                  Time % Phy DF OF 
 1 Nathan Beaulieu          Michael Kostka           60     1   2  2  
 2 Colton Parayko           Ville Pokka              40     1   2  2  

Last Minutes Offensive
   Center                   Left Wing                Right Wing               Defense                  Defense                  
   Tobias Rieder            Jacob De La Rose         Freddie Hamilton         Nathan Beaulieu          Michael Kostka           

Last Minutes Defensive
   Center                   Left Wing                Right Wing               Defense                  Defense                  
   Tobias Rieder            Jacob De La Rose         Freddie Hamilton         Nathan Beaulieu          Michael Kostka           

Goaltenders
Starting : Christopher Gibson       
Backup : Malcolm Subban           

Extra Forwards
Normal : Eric Tangradi, Joey Hishon, Emile Poirier - PP : Eric Tangradi, Joey Hishon - PK : Emile Poirier
Extra Defensemen
Normal : Vincent LoVerde, Duncan Siemens, Slater Koekkoek - PP : Vincent LoVerde - PK : Duncan Siemens, Slater Koekkoek
Penalty Shots
Tobias Rieder, Markus Granlund, Jacob De La Rose, Freddie Hamilton, Drayson Bowman

% Time on Ice - Ice Hogs

Lines # - Real PCT - Wanted PCT - Time Play
Normal Forward
1 - 24% - 30% - 9:39
2 - 21% - 25% - 8:33
3 - 27% - 25% - 10:46
4 - 28% - 20% - 11:25
Normal Defense
1 - 29% - 30% - 11:47
2 - 23% - 30% - 9:29
3 - 41% - 30% - 16:33
4 - 6% - 10% - 2:34
PP Forward
1 - 51% - 50% - 4:58
2 - 49% - 50% - 4:44
PP Defense
1 - 55% - 50% - 5:19
2 - 45% - 50% - 4:23
PK Forward
1 - 46% - 50% - 4:34
2 - 54% - 50% - 5:21
PK Defense
1 - 40% - 50% - 4:00
2 - 60% - 50% - 5:55
PK3 Forward
1 - 0% - 50%
2 - 0% - 50%
PK3 Defense
1 - 0% - 50%
2 - 0% - 50%
44 Forward
1 - 64% - 50% - 3:13
2 - 36% - 50% - 1:47
44 Defense
1 - 54% - 50% - 2:43
2 - 46% - 50% - 2:17
Last Minute Offensive  - 0:00
Last Minute Defensive  - 0:00
Total
Forward - 65:00
Defense - 65:00

% Time on Ice - Falcons

Lines # - Real PCT - Wanted PCT - Time Play
Normal Forward
1 - 23% - 35% - 9:07
2 - 26% - 30% - 10:41
3 - 36% - 22% - 14:22
4 - 15% - 13% - 6:13
Normal Defense
1 - 27% - 35% - 11:00
2 - 30% - 30% - 12:07
3 - 33% - 22% - 13:17
4 - 10% - 13% - 3:59
PP Forward
1 - 47% - 60% - 4:38
2 - 53% - 40% - 5:17
PP Defense
1 - 55% - 60% - 5:28
2 - 45% - 40% - 4:27
PK Forward
1 - 75% - 60% - 7:17
2 - 25% - 40% - 2:25
PK Defense
1 - 57% - 60% - 5:33
2 - 43% - 40% - 4:09
PK3 Forward
1 - 0% - 60%
2 - 0% - 40%
PK3 Defense
1 - 0% - 60%
2 - 0% - 40%
44 Forward
1 - 89% - 60% - 4:27
2 - 11% - 40% - 0:33
44 Defense
1 - 57% - 60% - 2:51
2 - 43% - 40% - 2:09
Last Minute Offensive  - 0:00
Last Minute Defensive  - 0:00
Total
Forward - 65:00
Defense - 65:00

Play by Play

1st period


0:01 of 1st period - Tim Schaller wins face-off versus Tobias Rieder in neutral zone.
0:32 of 1st period - Anton Volchenkov is hit by Nathan Beaulieu and loses puck.
0:55 of 1st period - Travis Morin is hit by Drayson Bowman and loses puck.
1:02 of 1st period - Markus Granlund is hit by Travis Morin and loses puck.
1:07 of 1st period - Snap shot by Colin McDonald.
1:07 of 1st period - Stopped by Christopher Gibson with a rebound.
1:43 of 1st period - Slapshot by Joey Hishon.
1:43 of 1st period - Deflect By Eric Tangradi.
1:43 of 1st period - Shot Misses the Net.
1:43 of 1st period - Puck is out of play.
1:44 of 1st period - Oscar Lindberg wins face-off versus Joey Hishon in Ice Hogs zone.
2:35 of 1st period - Colton Parayko is hit by Derek Hulak and loses puck.
3:14 of 1st period - Icing by Alexey Marchenko.
3:15 of 1st period - T.J. Tynan wins face-off versus Tobias Rieder in Ice Hogs zone.
3:15 of 1st period - T.J. Tynan is hit by Jacob De La Rose.
3:45 of 1st period - Slapshot by Freddie Hamilton.
3:45 of 1st period - Stopped by Yann Danis with a rebound.
4:15 of 1st period - Seth Griffith is hit by Drayson Bowman and loses puck.
4:28 of 1st period - Scott Wilson is hit by Markus Granlund and loses puck.
4:41 of 1st period - Slapshot by Scott Wilson.
4:41 of 1st period - Stopped by Christopher Gibson without a rebound.
4:42 of 1st period - Joey Hishon wins face-off versus Travis Morin in Falcons zone.
4:55 of 1st period - Slapshot by Eric Tangradi.
4:55 of 1st period - Shot Blocked by Anton Volchenkov.
4:57 of 1st period - Snap shot by Emile Poirier.
4:57 of 1st period - Stopped by Yann Danis with a rebound.
4:59 of 1st period - Wrist shot by Ville Pokka.
4:59 of 1st period - Deflect By Emile Poirier.
4:59 of 1st period - Stopped by Yann Danis without a rebound.
5:00 of 1st period - Joey Hishon wins face-off versus Oscar Lindberg in Ice Hogs zone.
5:03 of 1st period - Slapshot by Joey Hishon.
5:03 of 1st period - Deflect By Eric Tangradi.
5:03 of 1st period - Shot Misses the Net.
5:03 of 1st period - Puck is out of play.
5:04 of 1st period - Tobias Rieder wins face-off versus Oscar Lindberg in Ice Hogs zone.
5:17 of 1st period - Slapshot by Jacob De La Rose.
5:17 of 1st period - Shot Misses the Net.
5:39 of 1st period - Slapshot by Anton Volchenkov.
5:39 of 1st period - Deflect By Freddie Hamilton.
5:39 of 1st period - Stopped by Christopher Gibson with a rebound.
5:41 of 1st period - Slapshot by Jean-Philippe Cote.
5:41 of 1st period - Stopped by Christopher Gibson with a rebound.
6:01 of 1st period - Snap shot by Joey Hishon.
6:01 of 1st period - Shot Misses the Net.
6:38 of 1st period - Slapshot by Markus Granlund.
6:38 of 1st period - Stopped by Yann Danis without a rebound.
6:39 of 1st period - Markus Granlund wins face-off versus T.J. Tynan in Ice Hogs zone.
6:40 of 1st period - Wrist shot by Greg Rallo.
6:40 of 1st period - Stopped by Yann Danis with a rebound.
7:03 of 1st period - Snap shot by Greg Rallo.
7:03 of 1st period - Stopped by Yann Danis with a rebound.
7:05 of 1st period - Slapshot by Vincent LoVerde.
7:05 of 1st period - Shot Misses the Net.
7:29 of 1st period - Duncan Siemens is hit by Frank Corrado and loses puck.
7:46 of 1st period - Snap shot by Tim Schaller.
7:46 of 1st period - Shot Misses the Net.
7:48 of 1st period - Snap shot by Tim Schaller.
7:48 of 1st period - Shot Misses the Net.
7:50 of 1st period - Slapshot by Tim Schaller.
7:50 of 1st period - Stopped by Christopher Gibson without a rebound.
7:51 of 1st period - Petr Straka wins face-off versus Emile Poirier in Falcons zone.
7:52 of 1st period - Slapshot by Alexey Marchenko.
7:52 of 1st period - Shot Blocked by Nathan Beaulieu.
7:54 of 1st period - Snap shot by Oscar Lindberg.
7:54 of 1st period - Shot Misses the Net.
7:56 of 1st period - Snap shot by Oscar Lindberg.
7:56 of 1st period - Deflect By Petr Straka.
7:56 of 1st period - Shot Misses the Net.
7:56 of 1st period - Puck is out of play.
7:57 of 1st period - Joey Hishon wins face-off versus Oscar Lindberg in Falcons zone.
8:14 of 1st period - Off-side.
8:15 of 1st period - Tim Schaller wins face-off versus Tobias Rieder in neutral zone.
8:59 of 1st period - Drayson Bowman is hit by Oscar Lindberg and loses puck.
9:52 of 1st period - Snap shot by Colin McDonald.
9:52 of 1st period - Stopped by Christopher Gibson without a rebound.
9:53 of 1st period - Joey Hishon wins face-off versus Travis Morin in Falcons zone.
11:24 of 1st period - Snap shot by Seth Griffith.
11:24 of 1st period - Deflect By Tim Schaller.
11:24 of 1st period - Deflect By Tobias Rieder.
11:24 of 1st period - Shot Hit the Post.
11:24 of 1st period - Puck is out of play.
11:25 of 1st period - Greg Rallo wins face-off versus Tim Schaller in Falcons zone.
11:34 of 1st period - Drayson Bowman is hit by Viktor Svedberg and loses puck.
12:20 of 1st period - Viktor Svedberg is hit by Ville Pokka and loses puck.
12:33 of 1st period - Snap shot by Joey Hishon.
12:33 of 1st period - Stopped by Yann Danis with a rebound.
12:35 of 1st period - Slapshot by Ville Pokka.
12:35 of 1st period - Shot Misses the Net.
12:47 of 1st period - Snap shot by Dave Steckel.
12:47 of 1st period - Shot Misses the Net.
12:49 of 1st period - Slapshot by Colton Parayko.
12:49 of 1st period - Stopped by Yann Danis with a rebound.
12:51 of 1st period - Snap shot by Dave Steckel.
12:51 of 1st period - Stopped by Yann Danis with a rebound.
12:53 of 1st period - Slapshot by Ville Pokka.
12:53 of 1st period - Shot Misses the Net.
12:55 of 1st period - Slapshot by Colton Parayko.
12:55 of 1st period - Deflect By Tobias Rieder.
12:55 of 1st period - Shot Misses the Net.
12:55 of 1st period - Puck is out of play.
12:56 of 1st period - Dave Steckel wins face-off versus Travis Morin in Ice Hogs zone.
13:07 of 1st period - Wrist shot by Tobias Rieder.
13:07 of 1st period - Shot Blocked by Anton Volchenkov.
13:25 of 1st period - Snap shot by Colin McDonald.
13:25 of 1st period - Deflect By Travis Morin.
13:25 of 1st period - Shot Blocked by Nathan Beaulieu.
13:25 of 1st period - Puck is out of play.
13:26 of 1st period - Markus Granlund wins face-off versus T.J. Tynan in Falcons zone.
13:37 of 1st period - Anton Volchenkov is hit by Duncan Siemens and loses puck.
14:09 of 1st period - Icing by Anton Volchenkov.
14:10 of 1st period - Joey Hishon wins face-off versus T.J. Tynan in Ice Hogs zone.
14:27 of 1st period - Snap shot by Eric Tangradi.
14:27 of 1st period - Stopped by Yann Danis without a rebound.
14:28 of 1st period - Tim Schaller wins face-off versus Tobias Rieder in Ice Hogs zone.
14:30 of 1st period - Minor Penalty to Jean-Philippe Cote for Roughing.
14:31 of 1st period - Tim Schaller wins face-off versus Tobias Rieder in Ice Hogs zone.
14:31 of 1st period - Tim Schaller is hit by Michael Kostka.
15:27 of 1st period - Anton Volchenkov is hit by Markus Granlund.
15:55 of 1st period - Anton Volchenkov is hit by Colton Parayko and loses puck.
16:30 of 1st period - Penalty to Jean-Philippe Cote is over, Jean-Philippe Cote is back on ice.
16:54 of 1st period - Nathan Beaulieu is hit by Jean-Philippe Cote and loses puck.
17:44 of 1st period - Brett Bulmer is hit by Derek Hulak and loses puck.
17:49 of 1st period - Slapshot by Alexey Marchenko.
17:49 of 1st period - Deflect By Tobias Rieder.
17:49 of 1st period - Stopped by Christopher Gibson with a rebound.
17:55 of 1st period - Jean-Philippe Cote is hit by Dave Steckel and loses puck.
18:21 of 1st period - Snap shot by Scott Wilson.
18:21 of 1st period - Shot Misses the Net.
18:29 of 1st period - Wrist shot by Travis Morin.
18:29 of 1st period - Stopped by Christopher Gibson with a rebound.
18:53 of 1st period - Drayson Bowman is hit by Petr Straka and loses puck.
Goals for this period are 0 for Ice Hogs vs 0 for Falcons.
Shots for this period are 8 for Ice Hogs vs 10 for Falcons.

2nd period


0:01 of 2nd period - Tim Schaller wins face-off versus Tobias Rieder in neutral zone.
0:06 of 2nd period - Snap shot by Seth Griffith.
0:06 of 2nd period - Deflect By Nathan Beaulieu.
0:06 of 2nd period - Goal by Seth Griffith - Ice Hogs : 1 - Falcons : 0.
0:07 of 2nd period - Travis Morin wins face-off versus Freddie Hamilton in neutral zone.
0:30 of 2nd period - Wrist shot by Tobias Rieder.
0:30 of 2nd period - Shot Blocked by Colin McDonald.
0:32 of 2nd period - Slapshot by Michael Kostka.
0:32 of 2nd period - Stopped by Yann Danis with a rebound.
0:38 of 2nd period - Backhand shot by Jacob De La Rose.
0:38 of 2nd period - Stopped by Yann Danis with a rebound.
0:40 of 2nd period - Snap shot by Tobias Rieder.
0:40 of 2nd period - Shot Misses the Net.
0:42 of 2nd period - Snap shot by Tobias Rieder.
0:42 of 2nd period - Shot Hit the Post.
0:44 of 2nd period - Snap shot by Jacob De La Rose.
0:44 of 2nd period - Goal by Jacob De La Rose - Ice Hogs : 1 - Falcons : 1.
0:45 of 2nd period - Tim Schaller wins face-off versus Markus Granlund in neutral zone.
0:52 of 2nd period - Slapshot by Matt Fraser.
0:52 of 2nd period - Stopped by Christopher Gibson with a rebound.
1:02 of 2nd period - Wrist shot by Seth Griffith.
1:02 of 2nd period - Stopped by Christopher Gibson with a rebound.
1:25 of 2nd period - Minor Penalty to Greg Rallo for Hooking.
1:26 of 2nd period - Travis Morin wins face-off versus Tobias Rieder in Falcons zone.
1:42 of 2nd period - Snap shot by Travis Morin.
1:42 of 2nd period - Shot Misses the Net.
1:44 of 2nd period - Wrist shot by Scott Wilson.
1:44 of 2nd period - Stopped by Christopher Gibson with a rebound.
1:50 of 2nd period - Slapshot by Travis Morin.
1:50 of 2nd period - Stopped by Christopher Gibson without a rebound.
1:51 of 2nd period - Markus Granlund wins face-off versus Tim Schaller in Falcons zone.
2:00 of 2nd period - Frank Corrado is hit by Tobias Rieder and loses puck.
2:11 of 2nd period - Markus Granlund is hit by Tim Schaller and loses puck.
3:05 of 2nd period - Tobias Rieder is hit by Alexey Marchenko and loses puck.
3:25 of 2nd period - Penalty to Greg Rallo is over, Greg Rallo is back on ice.
5:06 of 2nd period - Derek Hulak is hit by Dave Steckel and loses puck.
5:13 of 2nd period - Snap shot by Brett Bulmer.
5:13 of 2nd period - Shot Hit the Post.
5:29 of 2nd period - Minor Penalty to Anton Volchenkov for Goalie Interference.
5:30 of 2nd period - Tim Schaller wins face-off versus Tobias Rieder in Ice Hogs zone.
5:30 of 2nd period - Tim Schaller is hit by Nathan Beaulieu.
5:42 of 2nd period - Snap shot by Tobias Rieder.
5:42 of 2nd period - Shot Misses the Net.
5:44 of 2nd period - Wrist shot by Jacob De La Rose.
5:44 of 2nd period - Shot Misses the Net.
6:10 of 2nd period - Seth Griffith is hit by Nathan Beaulieu and loses puck.
6:21 of 2nd period - Oscar Lindberg is hit by Jacob De La Rose.
6:31 of 2nd period - Travis Morin is hit by Michael Kostka and loses puck.
6:55 of 2nd period - Travis Morin is hit by Michael Kostka and loses puck.
7:20 of 2nd period - Wrist shot by Jacob De La Rose.
7:20 of 2nd period - Stopped by Yann Danis with a rebound.
7:29 of 2nd period - Penalty to Anton Volchenkov is over, Anton Volchenkov is back on ice.
7:42 of 2nd period - Drayson Bowman is hit by Tim Schaller and loses puck.
8:04 of 2nd period - Eric Tangradi is hit by Ryan Haggerty and loses puck.
8:56 of 2nd period - Minor Penalty to Colton Parayko for Tripping.
8:57 of 2nd period - Tobias Rieder wins face-off versus Tim Schaller in Falcons zone.
10:08 of 2nd period - Tim Schaller is hit by Markus Granlund and loses puck.
10:15 of 2nd period - Markus Granlund is hit by Jean-Philippe Cote and loses puck.
10:22 of 2nd period - Alexey Marchenko is hit by Markus Granlund and loses puck.
10:54 of 2nd period - Slapshot by Travis Morin.
10:54 of 2nd period - Shot Blocked by Nathan Beaulieu.
10:56 of 2nd period - Penalty to Colton Parayko is over, Colton Parayko is back on ice.
11:20 of 2nd period - Ryan Haggerty is hit by Dave Steckel and loses puck.
11:39 of 2nd period - Icing by Ryan Haggerty.
11:40 of 2nd period - Markus Granlund wins face-off versus T.J. Tynan in Ice Hogs zone.
12:23 of 2nd period - Anton Volchenkov is hit by Freddie Hamilton and loses puck.
12:34 of 2nd period - Derek Hulak is hit by Duncan Siemens and loses puck.
13:11 of 2nd period - Will Acton is hit by Michael Kostka and loses puck.
13:30 of 2nd period - Snap shot by Petr Straka.
13:30 of 2nd period - Shot Blocked by Drayson Bowman.
13:32 of 2nd period - Slapshot by Viktor Svedberg.
13:32 of 2nd period - Stopped by Christopher Gibson with a rebound.
13:34 of 2nd period - Slapshot by Viktor Svedberg.
13:34 of 2nd period - Deflect By Oscar Lindberg.
13:34 of 2nd period - Shot Blocked by Colton Parayko.
13:34 of 2nd period - Puck is out of play.
13:35 of 2nd period - Travis Morin wins face-off versus Markus Granlund in Falcons zone.
13:45 of 2nd period - Minor Penalty to Duncan Siemens for Interference.
13:46 of 2nd period - Tim Schaller wins face-off versus Tobias Rieder in Falcons zone.
13:57 of 2nd period - Off-side.
13:58 of 2nd period - Matt Fraser wins face-off versus Tobias Rieder in neutral zone.
14:13 of 2nd period - Nathan Beaulieu is hit by Matt Fraser and loses puck.
15:30 of 2nd period - Snap shot by Seth Griffith.
15:30 of 2nd period - Goal by Seth Griffith - Ice Hogs : 2 - Falcons : 1.
15:31 of 2nd period - Joey Hishon wins face-off versus Oscar Lindberg in neutral zone.
15:57 of 2nd period - Wrist shot by Eric Tangradi.
15:57 of 2nd period - Stopped by Yann Danis without a rebound.
15:58 of 2nd period - Dave Steckel wins face-off versus Travis Morin in Ice Hogs zone.
16:28 of 2nd period - Wrist shot by Scott Wilson.
16:28 of 2nd period - Shot Blocked by Colton Parayko.
17:00 of 2nd period - Snap shot by Eric Tangradi.
17:00 of 2nd period - Shot Misses the Net.
17:02 of 2nd period - Slapshot by Michael Kostka.
17:02 of 2nd period - Shot Misses the Net.
17:04 of 2nd period - Snap shot by Joey Hishon.
17:04 of 2nd period - Stopped by Yann Danis without a rebound.
17:05 of 2nd period - Markus Granlund wins face-off versus Oscar Lindberg in Ice Hogs zone.
17:38 of 2nd period - Slapshot by Alexey Marchenko.
17:38 of 2nd period - Stopped by Christopher Gibson with a rebound.
17:51 of 2nd period - Wrist shot by T.J. Tynan.
17:51 of 2nd period - Stopped by Christopher Gibson with a rebound.
17:53 of 2nd period - Wrist shot by Ryan Haggerty.
17:53 of 2nd period - Stopped by Christopher Gibson with a rebound.
17:55 of 2nd period - Slapshot by Mathieu Brodeur.
17:55 of 2nd period - Shot Blocked by Tobias Rieder.
17:57 of 2nd period - Snap shot by Ryan Haggerty.
17:57 of 2nd period - Deflect By T.J. Tynan.
17:57 of 2nd period - Stopped by Christopher Gibson without a rebound.
17:58 of 2nd period - T.J. Tynan wins face-off versus Tobias Rieder in Falcons zone.
18:20 of 2nd period - Slapshot by Derek Hulak.
18:20 of 2nd period - Shot Hit the Post.
18:58 of 2nd period - Anton Volchenkov is hit by Vincent LoVerde and loses puck.
19:32 of 2nd period - Slapshot by Travis Morin.
19:32 of 2nd period - Shot Blocked by Joey Hishon.
Goals for this period are 2 for Ice Hogs vs 1 for Falcons.
Shots for this period are 11 for Ice Hogs vs 6 for Falcons.
0:00 of 3rd period - Minor Penalty to Drayson Bowman for Hooking.

3rd period


0:01 of 3rd period - Tobias Rieder wins face-off versus Travis Morin in neutral zone.
0:18 of 3rd period - Markus Granlund is hit by Travis Morin and loses puck.
0:53 of 3rd period - Wrist shot by Seth Griffith.
0:53 of 3rd period - Shot Misses the Net.
1:31 of 3rd period - Ville Pokka is hit by Colin McDonald and loses puck.
1:56 of 3rd period - Snap shot by Markus Granlund.
1:56 of 3rd period - Shot Blocked by Seth Griffith.
2:00 of 3rd period - Penalty to Drayson Bowman is over, Drayson Bowman is back on ice.
2:46 of 3rd period - Snap shot by Oscar Lindberg.
2:46 of 3rd period - Deflect By Will Acton.
2:46 of 3rd period - Shot Misses the Net.
2:46 of 3rd period - Puck is out of play.
2:47 of 3rd period - T.J. Tynan wins face-off versus Markus Granlund in Falcons zone.
2:57 of 3rd period - Minor Penalty to Drayson Bowman for Hooking.
2:58 of 3rd period - Travis Morin wins face-off versus Tobias Rieder in Falcons zone.
3:00 of 3rd period - Wrist shot by Travis Morin.
3:00 of 3rd period - Deflect By Colin McDonald.
3:00 of 3rd period - Shot Blocked by Michael Kostka.
3:00 of 3rd period - Puck is out of play.
3:01 of 3rd period - Travis Morin wins face-off versus Tobias Rieder in Falcons zone.
3:20 of 3rd period - Slapshot by Alexey Marchenko.
3:20 of 3rd period - Deflect By Tobias Rieder.
3:20 of 3rd period - Stopped by Christopher Gibson with a rebound.
3:22 of 3rd period - Wrist shot by Colin McDonald.
3:22 of 3rd period - Stopped by Christopher Gibson with a rebound.
3:24 of 3rd period - Slapshot by Alexey Marchenko.
3:24 of 3rd period - Stopped by Christopher Gibson without a rebound.
3:25 of 3rd period - Tobias Rieder wins face-off versus Tim Schaller in Falcons zone.
4:16 of 3rd period - Jacob De La Rose is hit by Scott Wilson and loses puck.
4:29 of 3rd period - Michael Kostka is hit by Colin McDonald and loses puck.
4:38 of 3rd period - Wrist shot by Tobias Rieder.
4:38 of 3rd period - Shot Blocked by Frank Corrado.
4:57 of 3rd period - Penalty to Drayson Bowman is over, Drayson Bowman is back on ice.
5:00 of 3rd period - Snap shot by Seth Griffith.
5:00 of 3rd period - Stopped by Christopher Gibson with a rebound.
5:02 of 3rd period - Slapshot by Alexey Marchenko.
5:02 of 3rd period - Stopped by Christopher Gibson with a rebound.
5:04 of 3rd period - Slapshot by Alexey Marchenko.
5:04 of 3rd period - Shot Blocked by Michael Kostka.
5:06 of 3rd period - Wrist shot by Tim Schaller.
5:06 of 3rd period - Deflect By Seth Griffith.
5:06 of 3rd period - Shot Misses the Net.
5:06 of 3rd period - Puck is out of play.
5:07 of 3rd period - Tim Schaller wins face-off versus Joey Hishon in Falcons zone.
5:08 of 3rd period - Wrist shot by Matt Fraser.
5:08 of 3rd period - Shot Misses the Net.
5:10 of 3rd period - Wrist shot by Jean-Philippe Cote.
5:10 of 3rd period - Stopped by Christopher Gibson with a rebound.
7:05 of 3rd period - Tobias Rieder is hit by Travis Morin and loses puck.
7:30 of 3rd period - Wrist shot by Markus Granlund.
7:30 of 3rd period - Shot Misses the Net.
8:02 of 3rd period - Slapshot by Anton Volchenkov.
8:02 of 3rd period - Shot Misses the Net.
8:51 of 3rd period - Minor Penalty to Derek Hulak for Hooking.
8:52 of 3rd period - Drayson Bowman wins face-off versus Tim Schaller in Ice Hogs zone.
10:46 of 3rd period - Oscar Lindberg is hit by Drayson Bowman and loses puck.
10:51 of 3rd period - Penalty to Derek Hulak is over, Derek Hulak is back on ice.
11:06 of 3rd period - Slapshot by T.J. Tynan.
11:06 of 3rd period - Shot Misses the Net.
11:08 of 3rd period - Snap shot by Derek Hulak.
11:08 of 3rd period - Stopped by Christopher Gibson without a rebound.
11:08 of 3rd period - Colton Parayko beats up Viktor Svedberg.
11:08 of 3rd period - Penalty to Colton Parayko for Fighting.
11:08 of 3rd period - Penalty to Viktor Svedberg for Fighting.
11:09 of 3rd period - T.J. Tynan wins face-off versus Joey Hishon in Falcons zone.
11:16 of 3rd period - Backhand shot by Nathan Beaulieu.
11:16 of 3rd period - Deflect By Eric Tangradi.
11:16 of 3rd period - Shot Misses the Net.
11:16 of 3rd period - Puck is out of play.
11:17 of 3rd period - Joey Hishon wins face-off versus T.J. Tynan in Ice Hogs zone.
11:22 of 3rd period - Snap shot by Joey Hishon.
11:22 of 3rd period - Goal by Joey Hishon - Ice Hogs : 2 - Falcons : 2.
11:23 of 3rd period - Seth Griffith wins face-off versus Tobias Rieder in neutral zone.
11:26 of 3rd period - Slapshot by Tim Schaller.
11:26 of 3rd period - Shot Misses the Net.
11:28 of 3rd period - Slapshot by Frank Corrado.
11:28 of 3rd period - Deflect By Tim Schaller.
11:28 of 3rd period - Shot Misses the Net.
11:28 of 3rd period - Puck is out of play.
11:29 of 3rd period - Seth Griffith wins face-off versus Tobias Rieder in Falcons zone.
11:52 of 3rd period - Wrist shot by Jacob De La Rose.
11:52 of 3rd period - Shot Blocked by Anton Volchenkov.
11:54 of 3rd period - Minor Penalty to Anton Volchenkov for Holding.
11:55 of 3rd period - Markus Granlund wins face-off versus Tim Schaller in Ice Hogs zone.
12:14 of 3rd period - Snap shot by Drayson Bowman.
12:14 of 3rd period - Shot Misses the Net.
12:16 of 3rd period - Snap shot by Greg Rallo.
12:16 of 3rd period - Shot Hit the Post.
12:56 of 3rd period - Jacob De La Rose is hit by Jean-Philippe Cote and loses puck.
13:05 of 3rd period - Wrist shot by Tobias Rieder.
13:05 of 3rd period - Deflect By Freddie Hamilton.
13:05 of 3rd period - Shot Misses the Net.
13:05 of 3rd period - Puck is out of play.
13:06 of 3rd period - Tim Schaller wins face-off versus Tobias Rieder in Ice Hogs zone.
13:06 of 3rd period - Tim Schaller is hit by Jacob De La Rose.
13:18 of 3rd period - Snap shot by Tobias Rieder.
13:18 of 3rd period - Shot Misses the Net.
13:30 of 3rd period - Slapshot by Tobias Rieder.
13:30 of 3rd period - Shot Misses the Net.
13:32 of 3rd period - Slapshot by Vincent LoVerde.
13:32 of 3rd period - Shot Misses the Net.
13:54 of 3rd period - Penalty to Anton Volchenkov is over, Anton Volchenkov is back on ice.
13:54 of 3rd period - Slapshot by Markus Granlund.
13:54 of 3rd period - Shot Misses the Net.
13:56 of 3rd period - Slapshot by Nathan Beaulieu.
13:56 of 3rd period - Shot Misses the Net.
13:58 of 3rd period - Slapshot by Nathan Beaulieu.
13:58 of 3rd period - Shot Misses the Net.
14:20 of 3rd period - Jean-Philippe Cote is hit by Nathan Beaulieu.
15:13 of 3rd period - Mathieu Brodeur is hit by Brett Bulmer and loses puck.
15:33 of 3rd period - Snap shot by Jacob De La Rose.
15:33 of 3rd period - Shot Misses the Net.
15:47 of 3rd period - Markus Granlund is hit by Will Acton.
16:14 of 3rd period - Joey Hishon is hit by Mathieu Brodeur and loses puck.
16:44 of 3rd period - Minor Penalty to Jean-Philippe Cote for Roughing.
16:45 of 3rd period - Markus Granlund wins face-off versus Travis Morin in Ice Hogs zone.
18:44 of 3rd period - Penalty to Jean-Philippe Cote is over, Jean-Philippe Cote is back on ice.
18:45 of 3rd period - Colton Parayko is hit by Jean-Philippe Cote and loses puck.
19:24 of 3rd period - Eric Tangradi is hit by Ryan Haggerty and loses puck.
19:49 of 3rd period - Joey Hishon is hit by Colin McDonald and loses puck.
Goals for this period are 0 for Ice Hogs vs 1 for Falcons.
Shots for this period are 7 for Ice Hogs vs 1 for Falcons.

Overtime #1


0:01 of 1st overtime period - Markus Granlund wins face-off versus Oscar Lindberg in neutral zone.
0:04 of 1st overtime period - Viktor Svedberg is hit by Markus Granlund and loses puck.
0:17 of 1st overtime period - Snap shot by Oscar Lindberg.
0:17 of 1st overtime period - Deflect By Petr Straka.
0:17 of 1st overtime period - Stopped by Christopher Gibson without a rebound.
0:18 of 1st overtime period - Oscar Lindberg wins face-off versus Tobias Rieder in Falcons zone.
1:04 of 1st overtime period - Mathieu Brodeur is hit by Markus Granlund and loses puck.
1:19 of 1st overtime period - Colton Parayko is hit by Colin McDonald and loses puck.
1:24 of 1st overtime period - Wrist shot by Travis Morin.
1:24 of 1st overtime period - Shot Misses the Net.
1:26 of 1st overtime period - Slapshot by Alexey Marchenko.
1:26 of 1st overtime period - Shot Blocked by Markus Granlund.
1:54 of 1st overtime period - Slapshot by Alexey Marchenko.
1:54 of 1st overtime period - Deflect By Joey Hishon.
1:54 of 1st overtime period - Stopped by Christopher Gibson without a rebound.
1:55 of 1st overtime period - Oscar Lindberg wins face-off versus Eric Tangradi in Falcons zone.
2:41 of 1st overtime period - Markus Granlund is hit by Oscar Lindberg and loses puck.
3:03 of 1st overtime period - Slapshot by Colin McDonald.
3:03 of 1st overtime period - Shot Misses the Net.
3:47 of 1st overtime period - Slapshot by Jacob De La Rose.
3:47 of 1st overtime period - Stopped by Yann Danis without a rebound.
3:48 of 1st overtime period - Oscar Lindberg wins face-off versus Eric Tangradi in Ice Hogs zone.
3:59 of 1st overtime period - Slapshot by Nathan Beaulieu.
3:59 of 1st overtime period - Stopped by Yann Danis with a rebound.
Goals for this period are 0 for Ice Hogs vs 0 for Falcons.
Shots for this period are 2 for Ice Hogs vs 2 for Falcons.

ShootOut


5:00 of 1st overtime period - Penalty Shot by Travis Morin for Ice Hogs.
5:00 of 1st overtime period - Snap shot by Travis Morin.
5:00 of 1st overtime period - Stopped by Christopher Gibson.
5:00 of 1st overtime period - Penalty Shot by Tobias Rieder for Falcons.
5:00 of 1st overtime period - Snap shot by Tobias Rieder.
5:00 of 1st overtime period - Shot Misses the Net.
5:00 of 1st overtime period - Penalty Shot by Colin McDonald for Ice Hogs.
5:00 of 1st overtime period - Snap shot by Colin McDonald.
5:00 of 1st overtime period - Stopped by Christopher Gibson.
5:00 of 1st overtime period - Penalty Shot by Markus Granlund for Falcons.
5:00 of 1st overtime period - Snap shot by Markus Granlund.
5:00 of 1st overtime period - Stopped by Yann Danis.
5:00 of 1st overtime period - Penalty Shot by Oscar Lindberg for Ice Hogs.
5:00 of 1st overtime period - Backhand shot by Oscar Lindberg.
5:00 of 1st overtime period - Goal by Oscar Lindberg.
5:00 of 1st overtime period - Penalty Shot by Jacob De La Rose for Falcons.
5:00 of 1st overtime period - Deke by Jacob De La Rose.
5:00 of 1st overtime period - Shot Misses the Net.